 Dungeon Crawl Stone Soup version 0.17.1-1-g73c8601 (webtiles) character file.

242 PossumBlood the Chopper (level 6, -3/47 HPs)
             Began as a Formicid Fighter on Dec 25, 2015.
             Slain by Clownie's ghost (4 damage)
             ... on level 4 of the Dungeon.
             The game lasted 00:12:28 (2808 turns).

PossumBlood the Chopper (Formicid Fighter)          Turns: 2808, Time: 00:12:28

Health: -3/47      AC: 11    Str: 28    XL:     6   Next: 30%
Magic:  6/6        EV:  8    Int:  7    God:
Gold:   8          SH: 10    Dex: 10    Spells: 0 memorised, 5 levels left

rFire  . . .     SeeInvis +     a - +2 war axe
rCold  . . .     Clarity  .     b - +0 scale mail
rNeg   . . .     SustAt   .     c - +0 shield
rPois  +         Gourm    .     (helmet unavailable)
rElec  .         Spirit   .     i - +0 cloak
rCorr  .         Warding  .     e - +1 pair of gloves
rMut   .         Stasis   +     (no boots)
MR     .....                    (no amulet)
Stlth  ..........               p - +1 ring of protection
                                o - ring of poison resistance

@: mighty, not resistant to hostile enchantments, extremely unstealthy
A: permanent stasis, dig shafts and tunnels, four strong arms, antennae 3
a: Dig, Shaft Self


You were on level 4 of the Dungeon.
You were hungry.

You visited 1 branch of the dungeon, and saw 4 of its levels.

You collected 131 gold pieces.
You spent 123 gold pieces at shops.

Inventory:

Hand Weapons
 a - a +2 war axe (weapon)
Armour
 b - a +0 scale mail (worn)
 c - a +0 shield (worn)
 e - a +1 pair of gloves (worn)
 i - a +0 cloak (worn)
Jewellery
 o - a ring of poison resistance (left hand)
 p - a +1 ring of protection (right hand)
Wands
 r - a wand of teleportation (5)
Potions
 d - 2 potions of might
 h - 2 potions of magic {unknown}
 l - a potion of agility {unknown}
 n - a potion of beneficial mutation {unknown}
 q - a potion of haste
 s - a potion of berserk rage {unknown}
Comestibles
 f - 8 fruits
 j - 2 slices of pizza
 k - a meat ration
 m - 2 bread rations


   Skills:
 - Level 3.2 Fighting
 * Level 6.2 Axes
 - Level 3.2 Armour
 - Level 3.6 Shields


You had 5 spell levels left.
You didn't know any spells.

Dungeon Overview and Level Annotations

Branches:
Dungeon (4/15)
 Temple: D:4-7

Altars:
Nemelex Xobeh

Shops:
D:4 ?

Annotations:
D:4 Clownie's ghost, novice FoFi


Innate Abilities, Weirdness & Mutations

You are under a permanent stasis effect.
You can dig through walls and to a lower floor.
Your four strong arms can wield two-handed weapons with a shield.
You have a pair of large antennae on your head (SInv).


Message History

There is a stone staircase leading down here.
You are feeling hungry.
Items here: )) [ † a short sword; a leather armour; a whip; an orc corpse You see here a trident.
Your scale mail prevents you from hitting Clownie's ghost.
Clownie's ghost is lightly damaged.
Clownie's ghost barely misses you.
You barely miss Clownie's ghost.
Clownie's ghost is lightly damaged.
Clownie's ghost hits you!
* * * LOW HITPOINT WARNING * * *
Your shield and scale mail prevent you from hitting Clownie's ghost.
Clownie's ghost is lightly damaged.
You hear the rusting of a very distant drain.
Clownie's ghost hits you but does no damage.
You hit Clownie's ghost but do no damage.
Clownie's ghost is lightly damaged.
Clownie's ghost hits you.
You die...

##### #....# #......
### ####....... ...##
##.W@....... #....#
##..#........
#....####..##........
#.....#..####.......
#### #.....## .$...[.
#..## ##...## #......
....## ##..# ......
.....####>## #.....
......##..#


You could see Clownie's ghost.

Vanquished Creatures
  A giant frog skeleton (D:4)
  Ijyb (D:3)
  Terence (D:2)
  6 adders
  An ooze (D:3)
  3 worms
  6 giant geckos
  7 orcs
  A ball python (D:1)
  6 goblins
  6 hobgoblins
  A quokka (D:3)
  18 bats
  3 giant cockroaches (D:3)
  3 giant newts
  6 jackals
  11 kobolds
  5 rats
86 creatures vanquished.

Notes
Turn   | Place    | Note
--------------------------------------------------------------
     0 | D:1      | PossumBlood the Formicid Fighter began the quest for the Orb.
     0 | D:1      | Reached XP level 1. HP: 18/18 MP: 1/1
   112 | D:1      | Reached XP level 2. HP: 20/24 MP: 2/2
   464 | D:1      | Found a sparkling altar of Nemelex Xobeh.
   597 | D:1      | Reached XP level 3. HP: 29/29 MP: 3/3
   904 | D:2      | Noticed Terence
   908 | D:2      | Killed Terence
   908 | D:2      | Reached skill level 4 in Axes
   908 | D:2      | Reached XP level 4. HP: 32/35 MP: 4/4
  1633 | D:3      | Noticed Ijyb
  1638 | D:3      | Killed Ijyb
  1638 | D:3      | Reached skill level 5 in Axes
  1638 | D:3      | Reached XP level 5. HP: 41/41 MP: 5/5
  2270 | D:3      | Reached XP level 6. HP: 42/47 MP: 6/6
  2611 | D:4      | Found Moank's Magic Scroll Boutique.
  2626 | D:4      | Bought a scroll of identify for 26 gold pieces
  2626 | D:4      | Bought a scroll of enchant armour for 97 gold pieces
  2696 | D:4      | Reached skill level 6 in Axes
  2736 | D:4      | Noticed Clownie's ghost (novice FoFi)
  2752 | D:4      | HP: 1/47 [Clownie's ghost (10)]
  2806 | D:4      | HP: 1/47 [Clownie's ghost (8)]
  2808 | D:4      | Slain by Clownie's ghost

Action                   |  1- 3 |  4- 6 || total
-------------------------+-------+-------++-------
Melee: War axe           |    78 |   200 ||   278
  Use: Potion            |     1 |     4 ||     5
       Scroll            |       |     9 ||     9
  Eat: Bread ration      |       |     1 ||     1
       Fruit             |       |     2 ||     2
